 Dungeon Crawl Stone Soup version 0.30-a0-696-g2367cd04db (webtiles) character file.

Game seed: 11476738822547171741

28543 Rennog the Warrior (level 13, -6/115 HPs)
             Began as a Formicid Fighter on Jan 20, 2023.
             Was a Priest of the Shining One.
             Engulfed by a cloud of flame (21 damage)
             ... on level 2 of the Lair of Beasts on Jan 21, 2023.
             The game lasted 00:29:53 (15423 turns).

Rennog the Warrior (Formicid Fighter)              Turns: 15423, Time: 00:29:53

Health: -6/115     AC: 19    Str: 22    XL:     13   Next: 74%
Magic:  15/15      EV: 23    Int: 11    God:    the Shining One [***...]
Gold:   1284       SH: 16    Dex: 17    Spells: 12/12 levels left

rFire   . . .      SeeInvis +    c - +6 whip of Komu {elec, Int+3}
rCold   + . .      Faith    .    W - +0 kite shield
rNeg    + . .      Spirit   .    V - +7 Kryia's mail coat {PotionHeal*2 rC+}
rPois   .          Reflect  +    (helmet unavailable)
rElec   .          Harm     .    (no cloak)
rCorr   .          Rampage  .    l - +0 pair of gloves
Will    +....                    C - +0 pair of boots Stlth
                                 U - amulet of reflection
HPRegen 0.39/turn                F - +5 ring of evasion
MPRegen 0.14/turn                g - +5 ring of evasion

@: glowing, very slow
A: permanent stasis, dig shafts and tunnels, antennae 3, four strong arms
a: Dig, Shaft Self, Renounce Religion, Divine Shield, Cleansing Flame


You were on level 2 of the Lair of Beasts.
You worshipped the Shining One.
The Shining One was most pleased with you.
You visited 3 branches of the dungeon, and saw 15 of its levels.
You also visited: Sewer.

You collected 1344 gold pieces.
You spent 60 gold pieces at shops.

Inventory:

Hand Weapons
 c - the +6 whip of Komu (weapon) {elec, Int+3}
   (You found it on level 12 of the Dungeon)

   Int:       It affects your intelligence (+3).
 E - a +4 heavy flail
Armour
 l - a +0 pair of gloves (worn)
 C - a +0 pair of boots (worn)
 V - the +7 Kryia's mail coat (worn) {PotionHeal*2 rC+}
   (You found it on level 10 of the Dungeon)

   PotionHeal*2: Potions heal its wearer twice as much.
   rC:        It protects you from cold.
 W - a +0 kite shield (worn)
Jewellery
 g - a +5 ring of evasion (right hand)
 j - an amulet of the acrobat
 m - a +4 ring of protection
 r - a ring of magical power
 F - a +5 ring of evasion (left hand)
 H - a ring of ice
 L - an amulet of regeneration
 N - a ring of wizardry
 P - a ring of flight
 U - an amulet of reflection (around neck)
Wands
 y - a wand of polymorph (3)
 I - a wand of paralysis (18)
 J - a wand of acid (15)
 M - a wand of iceblast (17)
Scrolls
 e - 3 scrolls of enchant armour
 f - a scroll of torment {unknown}
 h - 2 scrolls of amnesia
 n - 6 scrolls of fog
 q - a scroll of poison {unknown}
 t - a scroll of brand weapon {unknown}
 u - a scroll of enchant weapon {unknown}
 v - 5 scrolls of magic mapping
 x - a scroll of noise {unknown}
 A - a scroll of acquirement {unknown}
 G - a scroll of vulnerability {unknown}
 K - 6 scrolls of immolation
 Y - 6 scrolls of identify
Potions
 a - a potion of resistance {unknown}
 d - 4 potions of might
 i - a potion of cancellation {unknown}
 k - 14 potions of curing {unknown}
 o - 2 potions of flight {unknown}
 p - a potion of heal wounds
 w - a potion of degeneration {unknown}
 z - a potion of ambrosia {unknown}
 B - 3 potions of brilliance {unknown}
 O - a potion of attraction {unknown}
 R - a potion of magic {unknown}
 X - a potion of mutation {unknown}
Miscellaneous
 b - a phantom mirror
 S - a condenser vane
 Z - a phial of floods (inert)


   Skills:
 - Level 15.0 Fighting
 + Level 10.2 Maces & Flails
 + Level 11.4 Armour
 + Level 7.9 Dodging
 + Level 8.3 Shields
 + Level 2.7 Invocations
 + Level 4.7 Evocations


You had 12 spell levels left.
You didn't know any spells.
Your spell library contained the following spells:

 Spells                   Type           Power      Damage    Failure   Level
 Freeze                   Ice            0%         1d3       83%         1
 Kiss of Death            Conj/Necr      0%         2d5       83%         1
 Magic Dart               Conj           0%         1d3       83%         1
 Shock                    Conj/Air       0%         1d3       83%         1
 Call Imp                 Summ           0%         N/A       92%         2
 Lesser Beckoning         Tloc           0%         N/A       92%         2
 Sublimation of Blood     Necr           0%         N/A       92%         2
 Call Canine Familiar     Summ           0%         N/A       99%         3
 Confusing Touch          Hex            0%         N/A       99%         3
 Frozen Ramparts          Ice            0%         1d1       99%         3
 Gell's Gravitas          Tloc           0%         N/A       99%         3
 Hailstorm                Conj/Ice       0%         3d3       99%         3
 Mephitic Cloud           Conj/Pois/Air  0%         N/A       99%         3
 Portal Projectile        Hex/Tloc       0%         N/A       99%         3
 Teleport Other           Tloc           0%         N/A       99%         3
 Tukima's Dance           Hex            0%         N/A       99%         3
 Airstrike                Air            0%         2d(0-16)  100%        4
 Dispel Undead            Necr           0%         3d6       100%        4
 Leda's Liquefaction      Hex/Erth       0%         N/A       100%        4
 Passage of Golubria      Tloc           0%         N/A       100%        4
 Petrify                  Tmut/Erth      0%         N/A       100%        4
 Irradiate                Conj/Tmut      0%         3d11      100%        5
 Yara's Violent Unravell  Hex/Tmut       0%         3d3       100%        5
 Swiftness                Air            Unusable   N/A       N/A         3

Dungeon Overview and Level Annotations

Branches:
Dungeon (12/15)            Temple (1/1) D:7            Lair (2/5) D:10
  Swamp (0/4) Lair:2          Orc (0/2) D:11          Sewer (visited)
  Snake: Lair:2-3    Spider: Lair:2-3

Altars:
Ashenzari
Cheibriados
Dithmenos
Elyvilon
Fedhas
Gozag
Hepliaklqana
Kikubaaqudgha
Makhleb
Nemelex Xobeh
Okawaru
Qazlal
Ru
Sif Muna
Trog
Uskayaw
Vehumet
Wu Jian
Xom
Yredelemnul
Zin
The Shining One

Shops:
D:2 *   D:8 (*   D:10 :

Annotations:
D:4 2 transporters, soul19's ghost, amateur TrFi
D:10 3 runed translucent doors


Innate Abilities, Weirdness & Mutations

You cannot be hasted, slowed, berserked, paralysed or teleported.
You can dig through walls and to a lower floor.
You have a pair of large antennae on your head. (SInv)
Your four strong arms can wield two-handed weapons with a shield.


Message History

The fire crab claws you but does no damage.
The fire crab breathes flames at you.
The blast of flame engulfs you but does no damage.
You are engulfed in blazing flames.
The fire crab bites you but does no damage.
The fire crab claws you but does no damage.
You are engulfed in blazing flames.
The fire crab bites you.
You are engulfed in flames!
The fire crab claws you!
You are engulfed in flames!
You are engulfed in blazing flames.
The fire crab bites you but does no damage.
The fire crab barely misses you. The fire crab breathes flames at you.
The blast of flame engulfs you but does no damage.
You turn to flesh and can move again.
You are too injured to fight recklessly!
You are too injured to fight recklessly!
You whack the fire crab!
The fire crab is severely wounded.
You are engulfed in blazing flames.
You hit the fire crab but do no damage.
The fire crab is severely wounded.
You are engulfed in blazing flames.
* * * LOW HITPOINT WARNING * * *
The fire crab bites you.
* * * LOW HITPOINT WARNING * * *
You are engulfed in flames!
* * * LOW HITPOINT WARNING * * *
You block the fire crab's attack.
Aim the phial where?
Press: ? - help, Shift-Dir - straight line, f - fire crab
Aim: a fire crab (flame, severely wounded, haloed)
The torrent of water hits the fire crab!!
You kill the fire crab!
The wave splashes down.
Splash!
You fall into the shallow water.
Moving in this stuff is going to be slow.
You are engulfed in blazing flames.
You die...

.P#.###...####.###ll#≈~.†##......
.>...#....#.....##{l#≈~.)##..†...
.....##...##...###$$#≈≈≈..#..##..
.....##...P#....#~![#≈≈~..###†#..
..#####....##.#.# ..##≈≈..##.#...
#######...#.P.### ..#≈≈~..###...
................####'#≈≈~...###..
...............###°°.≈≈≈~....#...
...............#@#°°~≈≈≈≈~..##[..
...............°#°°≈~≈≈≈≈≈≈..#...
####.##.......°°#°°~≈≈≈≈≈~≈..#...
#######.........#≈~.≈≈≈≈≈≈...##..
......#...####.##≈...≈~≈~....###.
..........####.####...~~...### #.
.....#.....#....##.≈.......# ###.
......#...:.....###≈..#≈...###'†.
...<.P#...#P....#############.#..


There were no monsters in sight!

Vanquished Creatures
  Kirke (D:12)
  2 hydras (Lair:2)
  Erolcha (D:11)
  3 boulder beetles
  A death yak (Lair:2)
  A two-headed ogre (D:12)
  An alligator (Lair:2)
  2 fire crabs (Lair:2)
  Lodul (D:11)
  A deep elf pyromancer (D:12)
  2 cyclopes (D:12)
  4 black mambas
  A gargoyle (D:12)
  8 cane toads
  10 komodo dragons
  An unseen horror (D:12)
  A rime drake (Lair:2)
  A hornet (Lair:2)
  Prince Ribbit (D:6)
  A shadow (D:11)
  Eustachio (D:5)
  4 wyverns
  2 steam dragons
  17 yaks
  5 basilisks
  4 fire bats (D:10)
  6 vampire mosquitoes (D:12)
  Edmund (D:5)
  An acid dragon (D:10)
  3 swamp worms (Lair:2)
  8 water moccasins
  Duvessa (D:5)
  A hell hound (D:10)
  Pargi (Sewer)
  5 orc warriors
  A sky beast (D:8)
  A black bear (Lair:2)
  2 ice beasts (D:7)
  13 ogres
  10 wolves
  6 centaurs
  4 kobold brigands
  3 phantoms
  8 bullfrogs
  2 gnoll sergeants
  Dowan (D:5)
  An electric eel (Lair:2)
  4 howler monkeys
  A hound (D:7)
  5 jellies
  5 orc priests
  4 iguanas
  Natasha (thrice) (D:4)
  9 orc wizards
  5 adders
  16 gnolls
  2 river rats (D:4)
  2 white imps
  An ufetubus (D:4)
  3 worms
  4 dart slugs
  26 orcs
  9 ball pythons
  6 bats
  12 endoplasms
  A giant cockroach (D:2)
  5 goblins
  6 hobgoblins
  9 jackals
  3 quokkas
  6 frilled lizards
  23 kobolds
  8 rats
  3 fire vortices (D:10)
337 creatures vanquished.

Vanquished Creatures (others)
  A human (D:12)
  10 fungi
  8 plants
19 creatures vanquished.

Grand Total: 356 creatures vanquished

Notes
Turn   | Place    | Note
-------+----------+-------------------------------------------
     0 | D:1      | Rennog the Formicid Fighter began the quest for the Orb.
     0 | D:1      | Reached XP level 1. HP: 18/18 MP: 1/1
   229 | D:1      | Reached XP level 2. HP: 23/24 MP: 2/2
   665 | D:1      | Reached XP level 3. HP: 30/30 MP: 3/3
   827 | D:2      | Found a shadowy altar of Dithmenos.
   996 | D:2      | Reached skill level 4 in Fighting
  1042 | D:2      | Reached XP level 4. HP: 16/37 MP: 4/4
  1264 | D:2      | Found Wacrimo's General Store.
  1272 | D:2      | Bought a potion of heal wounds for 60 gold pieces
  1299 | D:2      | Found a faded altar of an unknown god.
  1675 | D:3      | Reached XP level 5. HP: 20/43 MP: 5/5
  2157 | D:3      | Reached skill level 5 in Shields
  2169 | D:3      | Reached skill level 5 in Fighting
  2241 | D:3      | Noticed a phantom
  2253 | D:3      | Killed a phantom
  2254 | D:3      | Reached XP level 6. HP: 49/51 MP: 6/6
  2265 | D:3      | Found a shimmering altar of Xom.
  2924 | D:4      | Noticed Natasha
  2935 | D:4      | Killed Natasha
  2936 | D:4      | Reached XP level 7. HP: 38/57 MP: 7/7
  2962 | D:4      | Noticed a water moccasin
  2971 | D:4      | Killed a water moccasin
  2972 | D:4      | Reached skill level 6 in Fighting
  3010 | D:4      | Found a transporter.
  3087 | D:4      | Noticed Natasha
  3091 | D:4      | Found a transporter.
  3096 | D:4      | Killed Natasha
  3103 | D:4      | Noticed Natasha
  3114 | D:4      | Killed Natasha
  3115 | D:4      | Reached skill level 5 in Armour
  3138 | D:4      | Found a glowing drain.
  3206 | Sewer    | Entered a sewer
  3283 | Sewer    | Noticed Pargi
  3296 | Sewer    | Killed Pargi
  3297 | Sewer    | Reached XP level 8. HP: 57/65 MP: 8/8
  3425 | D:4      | Noticed soul19's ghost (amateur TrFi)
  3956 | D:5      | Entered Level 5 of the Dungeon
  3975 | D:5      | Noticed Edmund
  4172 | D:5      | Reached skill level 7 in Fighting
  4216 | D:5      | Noticed Eustachio
  4284 | D:5      | Killed Eustachio
  4687 | D:5      | Noticed Duvessa
  4709 | D:5      | Killed Duvessa
  4774 | D:5      | Noticed Dowan
  4804 | D:5      | Killed Dowan
  4958 | D:5      | Killed Edmund
  5071 | D:5      | Reached XP level 9. HP: 74/74 MP: 9/9
  5078 | D:5      | Reached skill level 8 in Fighting
  5172 | D:5      | Reached skill level 5 in Maces & Flails
  5749 | D:6      | Reached skill level 1 in Dodging
  5768 | D:6      | Identified the +5 hand axe of the Tooth {heavy, Dex+3}
  5792 | D:6      | Noticed Prince Ribbit
  5810 | D:6      | Killed Prince Ribbit
  6069 | D:6      | Reached skill level 9 in Fighting
  6792 | D:7      | Reached XP level 10. HP: 84/84 MP: 10/10
  7103 | D:7      | Reached skill level 10 in Fighting
  7234 | D:7      | Found a staircase to the Ecumenical Temple.
  7416 | Temple   | Entered the Ecumenical Temple
  7919 | Temple   | Became a worshipper of the Shining One
  8041 | D:8      | Found an opulent altar of Gozag.
  8042 | D:8      | Found Gozag's Platinum Reserve.
  8046 | D:8      | Found Foeck's Antique Weapon Boutique.
  9525 | D:10     | Entered Level 10 of the Dungeon
  9551 | D:10     | Noticed a two-headed ogre
  9770 | D:10     | Reached skill level 11 in Fighting
  9854 | D:10     | Found the +7 Kryia's mail coat {PotionHeal*2 rC+}
  9916 | D:10     | Found a runed translucent gate.
  9916 | D:10     | Found a runed translucent gate.
  9916 | D:10     | Found a runed translucent gate.
  9917 | D:10     | Noticed a spectral centaur warrior
  9919 | D:10     | Reached * piety under the Shining One
 10006 | D:10     | Reached XP level 11. HP: 88/93 MP: 11/11
 10046 | D:10     | Found a staircase to the Lair.
 10242 | D:10     | Found Koap's Tremendous Tomes.
 10279 | D:11     | Noticed Erolcha
 10290 | D:11     | Killed Erolcha
 10328 | D:11     | Reached skill level 12 in Fighting
 10328 | D:11     | Reached skill level 5 in Dodging
 10417 | D:11     | Noticed Lodul
 10465 | D:11     | Killed Lodul
 10608 | D:11     | Noticed a boulder beetle
 10633 | D:11     | Killed a boulder beetle
 11096 | D:11     | Found a staircase to the Orcish Mines.
 11117 | D:11     | Reached ** piety under the Shining One
 11281 | D:12     | Noticed a two-headed ogre
 11346 | D:12     | Noticed Kirke
 11357 | D:12     | Noticed a cyclops
 11391 | D:12     | Killed Kirke
 11392 | D:12     | Reached skill level 13 in Fighting
 11392 | D:12     | Reached XP level 12. HP: 50/105 MP: 12/12
 11559 | D:12     | Killed a two-headed ogre
 11763 | D:12     | Reached skill level 10 in Armour
 11882 | D:12     | Noticed a boulder beetle
 11892 | D:12     | Killed a boulder beetle
 11978 | D:12     | Noticed a boulder beetle
 11987 | D:12     | Killed a boulder beetle
 12401 | D:12     | Identified the +6 whip of Komu {elec, Int+3}
 12993 | Lair:1   | Entered Level 1 of the Lair of Beasts
 12999 | Lair:1   | Reached skill level 14 in Fighting
 13098 | Lair:1   | Reached skill level 1 in Evocations
 13231 | Lair:1   | Identified the +4 short sword of Burning Peril {freeze,
                  | *Slow rCorr Str+4}
 14412 | Lair:2   | Reached *** piety under the Shining One
 14435 | Lair:2   | Reached XP level 13. HP: 94/114 MP: 13/13
 14571 | Lair:2   | Noticed a five-headed hydra
 14582 | Lair:2   | Killed a five-headed hydra
 14586 | Lair:2   | Noticed a five-headed hydra
 14603 | Lair:2   | Killed a five-headed hydra
 14666 | Lair:2   | Found a staircase to the Swamp.
 14867 | Lair:2   | Reached skill level 15 in Fighting
 15033 | Lair:2   | Reached skill level 1 in Invocations
 15069 | Lair:2   | Reached skill level 10 in Maces & Flails
 15423 | Lair:2   | Engulfed by a cloud of flame

Illustrated notes

Levels and vault maps discovered:
D:1:      wander_arrival_lonely_grave, layout_loops_ring, minmay_pentomino_r2
D:2:      layout_loops_ring, hellmonk_ecumenical_altar_slurped_away,
          serial_shops, shop, basic_altar
D:3:      layout_basic, dk_xom_monty_hall
D:4:      layout_cave_pools, gammafunk_ghost_smash, portal_sewer_entry_c,
          chequers_serial_rivers_micro_e, uniq_natasha
D:5:      layout_loops_cross, uniq_edmund, uniq_eustachio, uniq_duvessa
D:6:      layout_basic, uniq_prince_ribbit1
D:7:      layout_basic, minmay_temple_entry_enclosed_plants
D:8:      layout_rooms, nicolae_gozag_zags_fifth_avenue, serial_shops, shop
D:9:      nicolae_cairo_tiling_very_big, layout_loops_corners
D:10:     layout_basic, erik_lair_dragon, gammafunk_ghost_necromancy,
          nicolae_shop_i_like_big_books, hangedman_incinerator
D:11:     layout_roguey, minmay_orc_entry_temple_small, uniq_lodul, uniq_erolcha
D:12:     layout_stronghold, uniq_kirke
Temple:   mainiacjoe_temple_big_plus
Lair:1:   layout_cave_pods, minivault_19
Lair:2:   layout_regular_city, palyth_hydra_swamp_entry,
          nicolae_lair_lakeside_cave

Skill      XL: |  1  2  3  4  5  6  7  8  9 10 11 12 13 |
---------------+----------------------------------------+-----
Fighting       | 4 5 6 7 9 11 13 14 15 | 15.0
Armour         | 4 5 6 7 8 9 10 11 | 11.4
Shields        | 5 6 7 8 |  8.3
Maces & Flails | 3 4 6 7 8 9 10 | 10.2
Dodging        | 2 4 5 7 |  7.9
Evocations     | 2 4 |  4.7
Invocations    | 2 |  2.7

Action                   |  1- 3 |  4- 6 |  7- 9 | 10-12 | 13-15 || total
-------------------------+-------+-------+-------+-------+-------++-------
Melee: Flail             |    89 |   145 |   346 |   380 |       ||   960
       Unarmed           |       |       |       |    14 |       ||    14
       Whip              |       |       |       |    80 |   274 ||   354
 Abil: Dig               |       |       |     1 |     1 |     2 ||     4
Evoke: Condenser vane    |       |       |       |     1 |       ||     1
       Phial of floods   |       |       |       |       |     1 ||     1
  Use: Scroll            |       |       |       |     7 |       ||     7
       Potion            |       |       |       |     2 |       ||     2
Armor: Scale mail        |    56 |    64 |    81 |    80 |    40 ||   321
       Chain mail        |       |       |    64 |    64 |       ||   128
       Plate armour      |       |       |       |    49 |       ||    49
Dodge: Dodged            |    45 |    78 |   158 |   318 |   128 ||   727
Block: Buckler           |    28 |    34 |   105 |    68 |       ||   235
       Kite shield       |       |       |       |   284 |   162 ||   446
       Reflection        |       |       |       |     3 |     2 ||     5

Table legend: (Time is in decaauts)
 A = Elapsed time spent in this place.
 B = Non-inter-level travel time spent in this place.
 C = Inter-level travel time spent in this place.
 D = Time resting spent in this place.
 E = Time spent auto-exploring this place.
 F = Levels seen in this place.
 G = Mean time per level.
                   A        B        C        D        E       F      G
               +--------+--------+--------+--------+--------+-----+--------+
         Total |  15734 |  14371 |   1363 |    692 |  10568 |  16 |  983.4 |
       Dungeon |  12916 |  11817 |   1099 |    643 |   8634 |  12 | 1076.3 |
        Temple |    541 |    392 |    149 |      0 |    383 |   1 |  541.0 |
          Lair |   2116 |   2001 |    115 |      0 |   1489 |   2 | 1058.0 |
         Sewer |    160 |    160 |      0 |     49 |     62 |   1 |  160.0 |
               +--------+--------+--------+--------+--------+-----+--------+

Top non-repeatable levels by time:
    D:12: 1777 daAuts
     D:5: 1416 daAuts
     D:3: 1222 daAuts
     D:4: 1158 daAuts
  Lair:2: 1143 daAuts
    D:11: 1114 daAuts
     D:9: 1078 daAuts
     D:7: 1013 daAuts
  Lair:1: 973 daAuts
     D:2: 966 daAuts
    D:10: 921 daAuts
     D:6: 914 daAuts
     D:1: 798 daAuts
  Temple: 541 daAuts
     D:8: 532 daAuts
